[Event "German Masters 2022"]
[Site "Magdeburg"]
[Date "2022.08.19"]
[Round "4.3"]
[White "Rosner, Jonas"]
[Black "Svane, Frederik"]
[Result "1-0"]
[ECO "E01"]
[WhiteElo "2478"]
[BlackElo "2521"]
[Annotator "TA"]
[PlyCount "105"]
[EventDate "2022.08.16"]
[EventType "tourn"]
[EventCountry "GER"]
[SourceTitle "playchess.com"]
[Source "ChessBase"]
[SourceQuality "1"]
[TimeControl "40/5400+30:1800+30"]

1. d4 Nf6 2. c4 e6 3. g3 d5 4. Bg2 Bb4+ 5. Nd2 O-O 6. Ngf3 b6 7. O-O Bb7 8. a3 Be7 9. cxd5 $1 {[%emt 0:00:48] 9.cxd5 is better than 9.b4.} exd5 10. b4 {[%emt 0:00:44] E16: Queen's Indian: 4 g3 Bb7 5 Bg2 Bb4+.} c6 11. Bb2 Nbd7 12. Qb3 {[%emt 0:03:10] White has an edge.} Re8 {[%emt 0:08:38] [#]} 13. Ne5 $146 ({Predecessor:} 13. Rfc1 Bd6 14. e3 Qe7 15. Ne1 Ne4 16. Ndf3 Rac8 17. Nd3 Ba6 18. Qd1 f6 19. Bf1 {0-1 (30) Krykun,Y (2340)-Ferreira,J (2492) Batumi 2018}) 13... Bd6 14. Ndf3 Ne4 15. Rac1 Nxe5 16. dxe5 Bf8 17. Rfd1 c5 {[%emt 0:09:51] Against Nd4} 18. bxc5 Bxc5 19. e3 Qe7 20. Ne1 Rad8 21. a4 Bc6 (21... h6 $14) 22. Nc2 Ba8 23. f3 Ng5 24. Nd4 (24. h4 $5 Ne6 25. f4 $14) 24... f6 25. exf6 Qxf6 26. Kh1 Qf7 27. h4 (27. a5 $5) 27... Ne6 28. f4 Nf8 29. Rd3 Nd7 30. Nf3 Be7 (30... Qg6 $11) 31. Ne5 $1 $16 Nxe5 32. Bxe5 {[%emt 0:00:10] Black must now prevent Rc7.} Bf6 33. Rc7 {[%emt 0:03:57] White is much more active.} Re7 34. Bxf6 Qxf6 {[%emt 0:01:01] [#]} 35. Rxe7 Qxe7 36. Kh2 (36. e4 $1 $16) 36... Qf7 (36... Kh8 $14) 37. Qd1 (37. Rd4 $142) 37... Re8 38. Rxd5 ({But not} 38. Bxd5 $6 Bxd5 39. Rxd5 Rxe3 $11) 38... Qf8 (38... Bxd5 $2 39. Bxd5 Re6 40. Qb3 $18) (38... Bc6 $16 {keeps fighting.} 39. Rd8 Rxd8 40. Qxd8+ Qe8 41. Bd5+ Kh8 42. Qxe8+ Bxe8) 39. Rd7 $18 Bxg2 40. Qb3+ Kh8 41. Kxg2 {[%emt 0:30:33][%mdl 4096] Endgame KQR-KQR} Qf6 42. Qd5 {[%emt 0:00:00] Against Qc6} Qb2+ 43. Qd2 Qb3 44. Rxa7 $40 {[%emt 0:00:00][%mdl 128] White attacks with force.} h5 $2 (44... Qc4 45. Kf2 Rg8) 45. Qd4 Qc2+ 46. Kf3 Qc6+ {[%emt 0:00:36] [#]} 47. e4 $1 Qg6 48. Rc7 {[%emt 0:00:00] Inhibits Rc8.} Qg4+ 49. Kf2 {[%emt 0:00:00] Hoping for Rc6.} Qg6 (49... Rc8 $142 50. e5 (50. Qxb6 Rd8 $11) 50... Rxc7 51. Qd8+ Kh7 52. Qxc7 Qe6 53. Qc2+ g6) 50. e5 {[%emt 0:00:00] And now Qd7 would win.} Qe6 (50... Qb1 51. Qd7 Rg8) 51. Qd1 Qf5 52. Qd7 Qg6 53. Rc6 {[%emt 0:01:03] Weighted Error Value: White=0.09 (flawless) /Black=0.32} 1-0

[Event "German Masters 2022"]
[Site "Magdeburg"]
[Date "2022.08.19"]
[Round "4.4"]
[White "Koelle, Tobias"]
[Black "Kollars, Dmitrij"]
[Result "1/2-1/2"]
[ECO "D43"]
[WhiteElo "2436"]
[BlackElo "2648"]
[Annotator "TA"]
[PlyCount "143"]
[EventDate "2022.08.16"]
[EventType "tourn"]
[EventCountry "GER"]
[SourceTitle "playchess.com"]
[Source "ChessBase"]
[SourceQuality "1"]
[TimeControl "40/5400+30:1800+30"]

1. d4 d5 2. c4 e6 3. Nf3 Nf6 4. Nc3 c6 5. Bg5 h6 6. Bxf6 Qxf6 7. e3 Nd7 8. Be2 g6 {[%emt 0:01:01] D43: Semi-Slav: 5 Bg5 h6.} 9. O-O Qe7 10. e4 dxc4 11. e5 Bg7 12. Nd2 O-O 13. Nxc4 Rd8 {[%emt 0:01:20][%cal Od7e5] [#] ...Nxe5! is the strong threat.} 14. Nd6 $146 ({Predecessor:} 14. f4 Nb6 15. Qd3 Nxc4 16. Qxc4 b5 17. Qxc6 Bb7 18. Qc5 Bf8 19. Qxe7 Bxe7 20. Nxb5 a6 21. Nd6 Bxd6 22. exd6 a5 23. Rad1 a4 24. Rd2 Rxd6 25. b3 {½-½ (25) Woelfelschneider,P (2362)-Meljnikova,E (2137) LSS email 2017}) 14... c5 15. f4 {[%emt 0:03:34] White wants to play Rc1.} cxd4 16. Qxd4 {[%emt 0:01:42] With the idea Rad1.} Nb6 (16... f6 $11 {remains equal.}) 17. Rad1 $36 {[%emt 0:08:55][%mdl 2048] White is in control. 0x0.001e3d900844dp-1022s more active pieces.} Nd5 18. Nxd5 exd5 19. Qxd5 Be6 20. Qxb7 ({White should try} 20. Qf3) 20... Qxb7 21. Nxb7 Rxd1 22. Rxd1 {[%emt 0:01:08] Hoping for b3.} Bxa2 23. Bf3 Rc8 24. Ra1 Be6 25. Rxa7 Rc1+ 26. Kf2 Rc2+ 27. Kg3 Rxb2 ({Black should play} 27... Bf8 $1 $14) 28. Nc5 Bc4 29. Ne4 (29. Ra8+ $142 Kh7 30. Rc8) 29... Rb8 30. h4 h5 31. Rc7 Bb3 32. Nc5 Bh6 33. Nxb3 Rxb3 {[%emt 0:00:12][%mdl 4096] Endgame KRB-KRB} 34. Rc4 {[%emt 0:01:27] Inhibits Rb4.} Bf8 35. Rc8 Re3 36. Kf2 Ra3 37. Rc7 Ra7 38. Rc2 Be7 39. g3 Kg7 40. Bd5 Rd7 41. Be4 Ra7 42. Kg2 Ra4 43. Bf3 Ra7 44. Rf2 Bc5 45. Rd2 Bb4 46. Re2 Rd7 47. Re4 Bc5 48. Rc4 (48. e6 $5 Rd2+ 49. Kh1 fxe6 50. Rxe6 $14) 48... Rd2+ 49. Kh3 Bg1 {[%emt 0:00:00][%csl Gg1][%cal Rd2h2] [#]} 50. Bg2 Rd3 51. Rc2 {[%emt 0:00:00] Prevents Bf2.} Be3 {[%emt 0:00:00] And now ...Bxf4 would win.} 52. Kh2 Rd7 53. Re2 Bc5 54. Bh3 Rb7 55. Rd2 Be3 56. Rd3 Ba7 57. Bg2 Rc7 58. Rd2 Be3 59. Re2 Ba7 60. Bf3 Bd4 61. Kg2 Bc3 62. e6 {[%emt 0:00:00] [#] Threatens to win with e7.} fxe6 63. Rxe6 Bf6 64. Rd6 Rc2+ 65. Kh3 Rc7 66. Rd5 Kh6 67. Rd6 Kg7 $1 68. Ra6 Re7 69. f5 (69. Rc6 $14 {might be stronger.}) 69... gxf5 $11 {[%emt 0:02:04] The position is equal.} 70. Bxh5 Re3 {[%emt 0:00:43] Prevents Ra3.} 71. Kg2 f4 72. gxf4 {[%emt 0:00:00] Black escapes into a draw.  Weighted Error Value: White=0.07 (flawless) /Black=0.10 (very precise)} 1/2-1/2

[Event "German Masters 2022"]
[Site "Magdeburg"]
[Date "2022.08.19"]
[Round "4.5"]
[White "Engel, Luis"]
[Black "Fridman, Daniel"]
[Result "1/2-1/2"]
[ECO "C09"]
[WhiteElo "2558"]
[BlackElo "2599"]
[Annotator "TA"]
[PlyCount "82"]
[EventDate "2022.08.16"]
[EventType "tourn"]
[EventCountry "GER"]
[SourceTitle "playchess.com"]
[Source "ChessBase"]
[SourceQuality "1"]
[TimeControl "40/5400+30:1800+30"]

1. e4 e6 2. d4 d5 3. Nd2 c5 4. exd5 exd5 5. Ngf3 Nc6 6. Bb5 Qe7+ $1 {[%emt 0:00:06][%mdl 4] outshines the older 6...Bd6.} 7. Be2 Qc7 {[%emt 0:00:05] C09: French Tarrasch: 3...c5 4 exd5 exd5 5 Ngf3 Nc6.} ({Resist} 7... Nxd4 8. Nxd4 cxd4 9. O-O $16) 8. O-O Nf6 9. Re1 cxd4 {[%emt 0:00:26] White has an edge.} 10. Bd3+ (10. Nb3 Bb4 11. Bd2 Bxd2 12. Qxd2 O-O 13. Nfxd4 Bd7 14. Nxc6 bxc6 15. Nc5 Bf5 16. Bd3 Bxd3 17. cxd3 Rfe8 18. h3 Qd6 19. d4 Ne4 20. Qe3 g6 {½-½ (50) Engel,L (2553)-Fridman,D (2601) Magdeburg 2021}) 10... Be7 11. h3 O-O 12. Nb3 {[%emt 0:00:20][%cal Bd2b3,Bb3d4,Bd4b5][%mdl 32] Inhibits Bc5.} Bd7 13. Nbxd4 Rfe8 14. c3 {[%emt 0:02:49] [#]} Bf8 $146 ({Predecessor:} 14... a6 15. Be3 h6 16. Qc2 Bd6 17. Rad1 Rad8 18. a3 Ne7 19. Bc1 Nc8 20. Bf5 Ne7 {½-½ (50) Schwenck,M (2524)-Tauber,H (2527) GER email 2018}) 15. Nb5 Qb6 16. Be3 Bc5 17. Bxc5 Qxc5 18. Qc2 Nb4 19. cxb4 Qxc2 20. Bxc2 Bxb5 21. Nd4 Bd7 22. Bb3 Kf8 23. Red1 h5 24. Rd2 Rac8 25. Rad1 Rc7 26. f3 h4 27. Kf2 a6 28. a3 (28. Ne2 {seems wilder.} Bb5 29. Nc3 Bc4 30. Bxc4 Rxc4 31. b5) 28... g5 29. Rc2 Rxc2+ 30. Nxc2 Be6 31. Nd4 Nh5 32. Ne2 Rc8 33. Rd4 Ke7 34. Ke3 (34. Bxd5 $11 Bxd5 35. Rxd5) 34... Kd6 $15 35. f4 Nxf4 36. Nxf4 {[%emt 0:00:06] The position is equal.} gxf4+ 37. Kxf4 {[%emt 0:01:20] KRB-KRB} ({Reject} 37. Rxf4 Ke5 38. Kf3 Rc1 39. Rxh4 Rb1 40. Rh5+ Kd6 $17) 37... Rg8 38. Rd2 f6 39. Bd1 Rg5 40. Bf3 Rg7 41. Rd4 b5 {[%emt 0:08:54] Weighted Error Value: White=0.08 (flawless) /Black=0.05 (flawless)} 1/2-1/2

[Event "German Masters 2022"]
[Site "Magdeburg"]
[Date "2022.08.20"]
[Round "5.1"]
[White "Fridman, Daniel"]
[Black "Keymer, Vincent"]
[Result "1/2-1/2"]
[ECO "D41"]
[WhiteElo "2599"]
[BlackElo "2686"]
[Annotator "TA"]
[PlyCount "54"]
[EventDate "2022.08.16"]
[EventType "tourn"]
[EventCountry "GER"]
[SourceTitle "playchess.com"]
[Source "ChessBase"]
[SourceQuality "1"]
[TimeControl "40/5400+30:1800+30"]

1. d4 Nf6 2. c4 e6 3. Nf3 d5 4. Nc3 c5 5. cxd5 Nxd5 6. g3 cxd4 7. Nxd5 Qxd5 8. Qxd4 Qb5 {[%emt 0:00:05] D41: Queen's Gambit Declined: Semi-Tarrasch with 5 cxd5.} 9. e4 Qb4+ 10. Qxb4 Bxb4+ {[%emt 0:00:05] White has an edge.} 11. Bd2 {[%emt 0:00:07] The position is equal.} Nc6 12. Bb5 {[%emt 0:03:44] [#] Threatens to win with Bxb4.} Bd7 13. Bxc6 Bxd2+ 14. Kxd2 Bxc6 15. Ke3 f5 16. exf5 {[%emt 0:03:02] [#]} Rf8 $146 ({Predecessor:} 16... O-O 17. Rhe1 Bxf3 18. Kxf3 Rxf5+ 19. Kg2 Kf7 20. Rac1 Re8 21. Re4 Re7 22. Rc8 Rd7 {½-½ (105) Postny,E (2582)-Keymer,V (2591) Europe Echecs INT 2021}) 17. Rhe1 {[%emt 0:04:23] And now Nd4 would win.} Bxf3 18. Kxf3 Rxf5+ $11 {[%emt 0:00:03][%mdl 4096] Endgame KRR-KRR} 19. Kg2 Ke7 20. Rac1 Rd8 21. Re2 {[%emt 0:00:09] Prevents Rd2.} Rfd5 22. f4 Kf6 23. Kf3 Rd3+ 24. Re3 Rd2 25. Re2 R2d3+ 26. Re3 Rd2 27. Re2 R2d3+ {An interesting draw.  Weighted Error Value: White=0.02 (flawless) /Black=0.01 (flawless)} 1/2-1/2

[Event "German Masters 2022"]
[Site "Magdeburg"]
[Date "2022.08.20"]
[Round "5.2"]
[White "Kollars, Dmitrij"]
[Black "Engel, Luis"]
[Result "1/2-1/2"]
[ECO "B23"]
[WhiteElo "2648"]
[BlackElo "2558"]
[Annotator "TA"]
[PlyCount "129"]
[EventDate "2022.08.16"]
[EventType "tourn"]
[EventCountry "GER"]
[SourceTitle "playchess.com"]
[Source "ChessBase"]
[SourceQuality "1"]
[TimeControl "40/5400+30:1800+30"]

1. e4 c5 2. Nc3 a6 3. g3 b5 4. Bg2 Bb7 5. Nge2 e6 6. d4 cxd4 7. Nxd4 Nf6 8. a3 b4 {[%emt 0:05:57] B43: Sicilian: Kan Variation: 5 Nc3.} (8... d6 $11) 9. axb4 $14 Bxb4 10. O-O {[%emt 0:06:12] Strongly threatening e5.} Qc7 {[%emt 0:14:42] White is better.} 11. Re1 d6 {[%emt 0:02:52] [#]} (11... O-O $14) 12. Bd2 $1 $16 {[%emt 0:06:45][%cal Oc3d5] [#]} O-O $146 {[%emt 0:16:32] [#]} ({Predecessor:} 12... Bc5 13. Nb3 Nbd7 14. Nxc5 Nxc5 15. Bg5 h6 16. Bxf6 gxf6 17. Qd2 Ke7 18. Nd1 Nd7 {1-0 (59) Girya,O (2240)-Bodnaruk,A (2255) Moscow 2006}) 13. Nd5 $1 Nxd5 14. exd5 Bxd2 15. Qxd2 e5 16. Nb3 {[%emt 0:00:26] White is much more active.} (16. Nf5 {feels hotter.} Bc8 17. Qa5 Qxa5 18. Ne7+) 16... Nd7 17. Na5 f5 18. Re3 ({Reject} 18. Nxb7 $6 Qxb7 19. b3 g6 $11) 18... Nf6 19. Rb3 Bc8 20. c4 Ne4 21. Qe1 Nc5 22. Rba3 e4 23. Bf1 {[%emt 0:05:35] Against Nd3} Rf6 24. b4 Nd7 25. Nc6 Bb7 26. Qe3 Raf8 27. Qf4 h6 28. h4 Kh7 29. c5 {[%emt 0:02:32] Hoping for Nd4.} g5 (29... Re8 $16 {was called for.}) 30. hxg5 $18 hxg5 31. cxd6 $2 (31. Qxg5 $18 dxc5 32. Bxa6 Bxc6 33. dxc6) 31... Qxd6 $14 32. Qxd6 Rxd6 33. b5 Rxd5 34. Na5 $1 Ba8 35. bxa6 ({Better is} 35. Nc4 $14) 35... Ne5 $11 36. Be2 {[%emt 0:02:52] Prevents Nf3+.} f4 37. Nc4 {[%emt 0:02:05] Prevents e3.} e3 38. Nxe5 ({Wrong is} 38. fxe3 $2 f3 39. Nxe5 fxe2 $19) 38... exf2+ 39. Kxf2 fxg3+ $1 40. Kxg3 Rxe5 41. Bg4 Kg7 42. a7 Rfe8 $1 43. Bh5 Rh8 44. Bf3 Bxf3 45. Rxf3 {[%emt 0:00:00][%mdl 4096] Endgame KRR-KRR} Ra8 $1 46. Ra6 Re7 47. Rfa3 Kf7 48. Kg4 Re5 49. Kh5 Rd5 50. Rh6 {[%emt 0:00:00] Black must now prevent Rf3+.} Kg7 {[%emt 0:00:00][%cal Og5g4] aiming for ...g4+!} 51. Rg6+ Kh7 52. Rb6 {[%emt 0:00:00] Rb8 would kill now.} Rd7 53. Rba6 Rg7 54. Kg4 Kg8 55. R6a5 Kh7 56. Ra1 ({But not} 56. Rh3+ $6 Kg8 $18) 56... Kg8 57. Rxg5 Rxg5+ {[%emt 0:00:00] The position is equal.} 58. Kxg5 $14 {[%emt 0:00:03] Threatening mate with Kf6. KR-KR} Kf7 59. Kf5 Ke7 60. Ke5 Kd7 61. Kd5 Kc7 62. Ke6 Kb7 63. Kd7 Rxa7 64. Rb1+ Ka8+ 65. Kc6 {[%emt 0:00:05] Weighted Error Value: White=0.09 (flawless) /Black=0.08 (flawless)} 1/2-1/2

[Event "German Masters 2022"]
[Site "Magdeburg"]
[Date "2022.08.20"]
[Round "5.3"]
[White "Svane, Frederik"]
[Black "Koelle, Tobias"]
[Result "1/2-1/2"]
[ECO "A21"]
[WhiteElo "2521"]
[BlackElo "2436"]
[Annotator "TA"]
[PlyCount "58"]
[EventDate "2022.08.16"]
[EventType "tourn"]
[EventCountry "GER"]
[SourceTitle "playchess.com"]
[Source "ChessBase"]
[SourceQuality "1"]
[TimeControl "40/5400+30:1800+30"]

1. c4 e5 2. Nc3 Bb4 3. Nf3 Bxc3 4. bxc3 d6 5. e4 Nc6 6. d4 Qe7 7. Bd3 Nf6 8. O-O O-O 9. Re1 {[%emt 0:01:44] E50: Nimzo-Indian: Rubinstein: 4...0-0 5 Nf3.} Bg4 10. d5 {[%emt 0:00:35] [#]} Na5 $146 {[%emt 0:04:36] The position is equal.} ({Predecessor:} 10... Nb8 11. Rb1 b6 12. c5 bxc5 13. h3 Bc8 14. a4 a5 15. Nd2 Nbd7 16. Nc4 h6 {½-½ (73) Poweronoff (2436)-Katzenmaier (2435) Playchess.com INT 2006}) 11. h3 Bxf3 12. Qxf3 Nd7 13. Qe2 b6 14. Rb1 Rac8 15. Bd2 c6 16. Rb4 Rc7 17. g3 Nc5 18. Bc2 Qd7 19. Kh2 Qc8 20. f4 f6 21. f5 $1 Qa6 22. g4 cxd5 23. cxd5 Qxe2+ 24. Rxe2 Na6 {[%emt 0:07:33] Pair of Knights!} 25. Rb1 Nc4 26. Bc1 Na5 27. Bd2 Nc4 28. Bc1 Na5 29. Bb2 Nc4 {[%emt 0:00:47] An interesting draw.  Weighted Error Value: White=0.03 (flawless) /Black=0.00 (flawless)} 1/2-1/2

[Event "German Masters 2022"]
[Site "Magdeburg"]
[Date "2022.08.20"]
[Round "5.4"]
[White "Braun, Arik"]
[Black "Rosner, Jonas"]
[Result "1-0"]
[ECO "D12"]
[WhiteElo "2594"]
[BlackElo "2478"]
[Annotator "TA"]
[PlyCount "105"]
[EventDate "2022.08.16"]
[EventType "tourn"]
[EventCountry "GER"]
[SourceTitle "playchess.com"]
[Source "ChessBase"]
[SourceQuality "1"]
[TimeControl "40/5400+30:1800+30"]

1. d4 d5 2. c4 c6 3. Nf3 Nf6 4. e3 Bf5 5. Nc3 e6 6. Nh4 Be4 7. f3 Bg6 8. Qb3 Qc7 9. Bd2 {[%emt 0:00:33] D12: Slav Defence: 3 Nf3 Nf6 4 e3 Bf5.} Be7 10. cxd5 cxd5 11. O-O-O {[%emt 0:02:58] White has an edge.} Nc6 12. Nxg6 hxg6 13. Kb1 a6 14. Rc1 Nd7 {[%emt 0:02:42] [#]} 15. Be1 $1 $146 {[%emt 0:25:29][%mdl 8] A relevant novelty.} ({Predecessor:} 15. Bd3 Rc8 16. Ne2 O-O 17. h4 b5 18. h5 g5 19. Ka1 Nb6 20. Bb1 Nc4 21. Be1 {1-0 (41) So,W (2772)-Shankland,S (2709) Saint Louis 2021}) 15... Rc8 16. Bg3 Qb6 17. Qd1 Na5 18. Bd3 Nc4 (18... Ba3 $2 19. Na4 Rxc1+ 20. Qxc1 Bxb2 21. Qc2 $18 (21. Nxb6 Bxc1 22. Nxd7 Bxe3 $16)) 19. Qe2 Bd6 (19... Ba3 $11 20. Na4 Qc6) 20. Bxc4 $16 {[%emt 0:08:51] Black is on the road to losing.} Rxc4 {[%emt 0:06:58] [#]} 21. Bxd6 Qxd6 {[%emt 0:00:17] [#]} 22. Ne4 $1 Rxc1+ ({Black should try} 22... Qc7) 23. Rxc1 Qb8 {[%emt 0:00:28] [#]} (23... Qxh2 $16 {is a better defense.} 24. Nd6+ Ke7 25. Nxb7 Ra8) 24. Rc8+ $3 $18 Qxc8 25. Nd6+ Ke7 26. Nxc8+ Rxc8 {[%emt 0:00:03][%mdl 4096] Endgame KQ-KRN} 27. Qe1 {[%emt 0:01:07] Black must now prevent Qb4+.} Rc7 28. Qh4+ Nf6 29. e4 Kd7 30. b3 Rc8 31. Kb2 Rc7 32. Qf4 {[%emt 0:03:49] Hoping for e5.} Kd8 33. a4 Kc8 34. Qd6 {[%emt 0:03:07] Qf8+ is the strong threat.} Ne8 35. Qe5 Rd7 36. Kc3 Nf6 37. Kd3 Kd8 38. Qb8+ Ke7 39. e5 Ne8 40. f4 f5 $2 (40... Kf8 41. b4 Rc7) 41. b4 Rc7 42. b5 axb5 43. axb5 {[%emt 0:00:00] aiming for b6.} Kf7 44. b6 Re7 45. Qd8 g5 (45... Kf8 $142 46. Ke3 Kf7) 46. fxg5 g6 47. h4 Kf8 48. Ke3 Kf7 49. h5 Kf8 50. h6 {[%emt 0:00:00] White mates.} Rf7 51. Qc8 Re7 52. Qc5 Kf7 53. h7 {[%emt 0:00:00] Weighted Error Value: White=0.08 (flawless) /Black=0.36} 1-0

[Event "German Masters 2022"]
[Site "Magdeburg"]
[Date "2022.08.20"]
[Round "5.5"]
[White "Huschenbeth, Niclas"]
[Black "Svane, Rasmus"]
[Result "0-1"]
[ECO "C84"]
[WhiteElo "2610"]
[BlackElo "2649"]
[Annotator "TA"]
[PlyCount "116"]
[EventDate "2022.08.16"]
[EventType "tourn"]
[EventCountry "GER"]
[SourceTitle "playchess.com"]
[Source "ChessBase"]
[SourceQuality "1"]
[TimeControl "40/5400+30:1800+30"]

1. e4 e5 2. Nf3 Nc6 3. Bb5 a6 4. Ba4 Nf6 5. O-O Be7 6. d3 b5 7. Bb3 d6 8. c3 O-O 9. h3 {[%emt 0:00:07] is more profitable than 9.Re1 at the moment.} h6 10. Re1 Re8 {[%emt 0:01:37] C93: Closed Ruy Lopez: Smyslov Variation.} 11. a4 Rb8 12. axb5 axb5 {[%emt 0:00:19] The position is equal.} 13. Nbd2 Bf8 14. Nf1 Be6 15. Ne3 {[%emt 0:20:18] [#]} Bxb3 $146 ({Predecessor:} 15... d5 16. exd5 Nxd5 17. Ra6 Nxe3 18. Bxe3 Bxb3 19. Qxb3 Qd7 20. Rd1 Nd8 21. d4 exd4 22. Rxd4 {½-½ (27) Skapikova,L (1899)-Zemlickova,O (2096) Tatranske Zruby 2018}) 16. Qxb3 Qd7 17. Bd2 Nd8 18. Ra7 Ne6 19. Qc2 Qc6 20. Nf5 Ra8 21. Rxa8 Rxa8 22. Qb1 Nc5 23. b4 Ncd7 24. d4 Re8 25. d5 Qb7 26. Qd3 c6 27. dxc6 Qxc6 28. Nh2 d5 29. exd5 Qxd5 30. Qxd5 Nxd5 31. Ng4 N5b6 32. Ra1 Ra8 33. Rxa8 Nxa8 34. Nge3 g6 35. Nh4 Nab6 36. g4 Kg7 37. Nf3 Kf6 $1 38. Kf1 Ke6 39. Ke2 Nf6 40. Nc2 Ne4 {[%emt 0:02:37] Hoping for ...Nd5.} 41. Na3 Nd6 42. Ne1 f5 43. gxf5+ gxf5 44. Nec2 Bg7 45. f3 h5 46. Ne3 Bh6 47. Nf1 {[%emt 0:02:19] [#]} ({White should try} 47. Kd3 $15) 47... Bxd2 $1 $17 48. Kxd2 (48. Nxd2 {is the only way for White.} Nd5 49. c4 bxc4 50. Ndxc4) 48... Nbc4+ 49. Nxc4 Nxc4+ $19 {[%emt 0:00:06][%mdl 4096] Endgame KN-KN} 50. Kd3 f4 {[%emt 0:01:57] Against Ng3} 51. Ke4 Kf6 {[%emt 0:00:34] [#] And now ...Kg5 would win.} 52. h4 (52. Kd3) 52... Ke6 53. Kd3 Kd5 54. Nd2 Nxd2 {[%emt 0:01:23] Black mates.} 55. Kxd2 e4 56. fxe4+ Kxe4 57. Ke2 f3+ 58. Kf2 Ke5 $2 {[%mdl 32768] Weighted Error Value: White=0.27 (precise) /Black=0.05 (flawless) . Sensor Board Error (Ke4/e5)?} ({Not} 58... Kf4 59. c4 bxc4 60. b5 $11) (58... Kd3 {mates} 59. Kxf3 Kxc3 60. Kf4 Kxb4 61. Kg5 Kc5 62. Kxh5 b4 63. Kg6 b3 64. h5 b2 65. h6 b1=Q+ 66. Kg7 Qb7+ 67. Kg6 Qe4+ 68. Kg7 Qe5+ 69. Kg6 Kd5 70. h7 Ke6 71. h8=Q Qxh8 72. Kg5 Qd4 73. Kh6 Qg1 74. Kh5 Kf5 75. Kh6 Qg6#) 0-1

[Event "German Masters 2022"]
[Site "Magdeburg"]
[Date "2022.08.21"]
[Round "6.1"]
[White "Keymer, Vincent"]
[Black "Svane, Rasmus"]
[Result "1-0"]
[ECO "A15"]
[WhiteElo "2686"]
[BlackElo "2649"]
[Annotator "TA"]
[PlyCount "99"]
[EventDate "2022.08.16"]
[EventType "tourn"]
[EventCountry "GER"]
[SourceTitle "playchess.com"]
[Source "ChessBase"]
[SourceQuality "1"]
[TimeControl "40/5400+30:1800+30"]

1. c4 Nf6 2. Nf3 e6 3. b3 d5 4. Bb2 c5 5. cxd5 exd5 6. g3 {[%emt 0:00:04] A13: English Opening: 1...e6.} Nc6 7. Bg2 d4 8. O-O {[%emt 0:00:16] The position is equal.} Be7 9. Na3 O-O 10. Nc4 Be6 11. e3 Rc8 12. Nce5 Nxe5 13. Nxe5 Qb6 {[%emt 0:00:31] [#]} 14. Rc1 $146 ({Predecessor:} 14. Qe2 Rfe8 15. Nc4 Qb5 16. exd4 cxd4 17. Bxd4 b6 18. Rfe1 Bxc4 19. bxc4 Qxc4 20. Qxc4 Rxc4 {½-½ (26) Gardner,A (2260)-Sherwood,A (2339) ICCF email 2019}) 14... dxe3 15. dxe3 Qa6 16. a4 Rfd8 17. Qc2 Nd5 18. Be4 Nf6 (18... g6 $11) 19. Bd3 $1 $16 Qb6 20. Nc4 Bxc4 21. Bxc4 Ne8 22. e4 (22. Qf5 Bf6 $14) 22... Nc7 23. f4 Ne6 24. e5 Qc6 25. Rce1 a6 26. a5 Nd4 27. Bxd4 cxd4 28. Qd3 $1 (28. Qf5 Qg6 29. Qxg6 hxg6 $11) 28... Qc5 29. f5 {[%emt 0:04:05] f6 is the strong threat. White is much more active.} Bg5 30. e6 Qxa5 $2 {[%emt 0:02:08][%mdl 8192] This costs Black the game.} ({Better is} 30... Kh8 $1 $14) 31. exf7+ Kh8 32. Qxd4 b5 $2 {[%emt 0:01:37] [#]} (32... Bf6 33. Qe4 Qc5+ 34. Kg2 b5) 33. Qe4 $2 Rf8 $18 34. Be6 Rcd8 35. Re2 Qb6+ 36. Kg2 a5 37. Bd5 Qc5 38. Rd1 a4 39. b4 ({Don't take} 39. bxa4 $6 bxa4 40. Rd3 Rd7 $18) 39... Qa7 40. Rd3 Bf6 41. Qf3 h6 42. Rde3 {[%emt 0:00:00] Black must now prevent Re8.} Qd7 {[%emt 0:03:47] Against Re8} (42... Rxf7 $142 43. Bxf7 Qxf7) 43. Ba2 Qd6 $2 (43... Qc8 {keeps fighting.} 44. Rd3 Kh7) 44. Re6 Qd4 45. Qc6 Kh7 $2 (45... Rxf7 46. R6e4 (46. Qxb5 Rff8 $16) 46... Qd7 47. Re8+ Kh7 48. Qxd7 Rdxd7 49. Bxf7 Rxf7) 46. R6e4 ({Not} 46. Qxb5 Rxf7 47. Qxa4 Rb8 $18) 46... Qd3 (46... Qd7 47. Qxd7 Rxd7) 47. Re8 a3 48. Qc5 g6 49. fxg6+ Kxg6 50. Bb1 {[%emt 0:00:00] Weighted Error Value: White=0.26 (precise) /Black=0.63} 1-0